 Dungeon Crawl Stone Soup version 0.31-a0-963-ga325b2283a (webtiles) character file.

Game seed: 8414696196665375718

8 IndexError the Conjurer (level 2, 19/19 HPs)
             Began as a Demonspawn Conjurer on Oct 25, 2023.
             Quit the game on level 1 of the Dungeon.
             The game lasted 00:00:30 (324 turns).

IndexError the Conjurer (Demonspawn Conjurer)        Turns: 324, Time: 00:00:31

Health: 19/19      AC:  2    Str:  7    XL:     2   Next: 0%
Magic:  5/5        EV: 12    Int: 19    God:
Gold:   22         SH:  0    Dex: 11    Spells: 4/5 levels left

rFire   . . .        c - +0 dagger (speed)
rCold   . . .        (no shield)
rNeg    . . .        a - +0 robe
rPois   .            (no helmet)
rElec   .            (no cloak)
rCorr   .            (no gloves)
SInv    .            (no boots)
Will    .....        (no amulet)
Stlth   ++           (no ring)
HPRegen 0.23/turn    (no ring)
MPRegen 0.09/turn

%: no passive effects
@: no status effects
A: hooves 1
a: no special abilities


You were on level 1 of the Dungeon.
You visited 1 branch of the dungeon, and saw 1 of its levels.

You collected 22 gold pieces.

Inventory:

Hand Weapons
 c - a +0 dagger of speed (weapon)
   (You found it on level 1 of the Dungeon)
Armour
 a - a +0 robe (worn)
Scrolls
 e - 2 scrolls of identify {unknown}
Potions
 b - a potion of magic
 d - a potion of heal wounds {unknown}


   Skills:
 - Level 1.7 Dodging
 - Level 1.7 Stealth
 + Level 2.3 Spellcasting
 + Level 4.2 Conjurations


You had 4 spell levels left.
You knew the following spells:

 Your Spells              Type           Power      Damage    Failure   Level
a - Magic Dart            Conj           72%        1d6       3%          1

Your spell library contained the following spells:

 Spells                   Type           Power      Damage    Failure   Level
 Searing Ray              Conj           36%        2d5       4%          2
 Dazzling Flash           Conj/Hex       20%        N/A       21%         3
 Fulminant Prism          Conj/Hex       5%         3d7       56%         4
 Iskenderun's Mystic Bla  Conj/Tloc      10%        2d4       56%         4


Dungeon Overview and Level Annotations

Branches:
Dungeon (1/15)

Altars:


Innate Abilities, Weirdness & Mutations

You have large cloven feet.


Message History

The magic dart hits the bat.
You now have 2/3 mp.
You can't see any susceptible monsters within range! (Use Z to cast anyway.) Magic restored.
A dart slug comes into view.
You see here an emerald potion.
MP restored: 3 The magic dart hits the dart slug.
You now have 2/3 mp.
The magic dart hits the dart slug.
The dart slug launches a dart at you. The slug dart hits you.
You take 1 damage, and have 12/13 hp.
You now have 1/3 mp.
The magic dart hits the dart slug.
Health restored: 13 You now have 0/3 mp.
You are out of magic!
You are out of magic!
You see here a +0 dagger of speed.
c - a +0 dagger of speed The magic dart hits the dart slug.
You now have 0/3 mp.
Okay, then.
Your hands tingle!
c - a +0 dagger of speed (weapon)
The dart slug bites you.
You take 3 damage, and have 10/13 hp.
MASSIVE DAMAGE!!
You hit the dart slug.
No target in view!
No target in view!
HP restored.
You see here a dart slug corpse.
d - an emerald potion Health restored: 13; MP restored: 3 You enter the shallow water.
Moving in this stuff is going to be slow.
You enter the shallow water.
Moving in this stuff is going to be slow.
A ball python comes into view.
A ball python is nearby!
A ball python is nearby!
You can't see any susceptible monsters within range! (Use Z to cast anyway.)
You can't see any susceptible monsters within range! (Use Z to cast anyway.)
The ball python hisses angrily.
Something bites the plant.
The plant begins to die.
Something grabs the plant.
The plant is constricted.
Something bites the plant.
The plant is constricted.
Something bites the plant.
The plant is constricted.
Something bites the plant.
The plant is constricted.
Something bites the plant.
The plant is constricted.
A nearby plant withers and dies.
Something loses its grip on the plant.
The magic dart hits the ball python.
You now have 2/3 mp.
You can't see any susceptible monsters within range! (Use Z to cast anyway.)
e - a scroll labelled EDGHOB XELYA MP restored: 3 A rat comes into view.
A rat is nearby!
The magic dart hits the rat.
You now have 2/3 mp.
You can't see any susceptible monsters within range! (Use Z to cast anyway.)
You can't see any susceptible monsters within range! (Use Z to cast anyway.)
A frilled lizard comes into view.
The frilled lizard hisses angrily.
MP restored: 3 A frilled lizard is nearby!
The magic dart hits the frilled lizard.
You now have 2/3 mp.
You can't see any susceptible monsters within range! (Use Z to cast anyway.)
A goblin and a giant cockroach come into view.
MP restored: 3 You can't see any susceptible monsters within range! (Use Z to cast anyway.)
You can't see any susceptible monsters within range! (Use Z to cast anyway.)
The goblin shouts!
The magic dart hits the goblin.
You now have 2/3 mp.
The magic dart hits the giant cockroach.
The giant cockroach waves its antennae.
You now have 1/3 mp.
The magic dart hits the giant cockroach.
You now have 0/3 mp.
You are out of magic!
You are out of magic!
You hit the goblin. The goblin closely misses you.
You hit the goblin.
You have reached level 2!
Your demonic ancestry asserts itself...
Your feet thicken and deform.
Health restored: 19 No target in view!
No target in view!
You now have 13 gold pieces.
You see here a +0 club.
You enter the shallow water.
Moving in this stuff is going to be slow.
e - 2 scrolls labelled EDGHOB XELYA (gained 1)
You see here a +0 club.
You now have 22 gold pieces (gained 9).
An endoplasm comes into view.
MP restored: 5 Are you sure you want to abandon this character and quit the game? (Confirm with "yes".)

......## #≈≈.####....#≈.#
.......###≈≈.#..#§§#.#..#
####.#..###≈.'..#....≈.#
# #....#######⌠#§.....# #
#.....## #§§.....# #
#...#..#######§§§..#.# #
#...##......###≈≈..... #
#.........#..##≈..§§.
#..######.##.@# ....#
#.###....# ♣♣.## #.#
##.#..... ♣. #.# .......
#.# .##.... #.# ?# #.. J#
. .#


You could see an endoplasm (asleep).

Vanquished Creatures
  A dart slug (D:1)
  A giant cockroach (D:1)
  A goblin (D:1)
  A ball python (D:1)
  A bat (D:1)
  A frilled lizard (D:1)
  A rat (D:1)
7 creatures vanquished.

Notes
Turn   | Place    | Note
-------+----------+-------------------------------------------
     0 | D:1      | IndexError the Demonspawn Conjurer began the quest for the
                  | Orb.
     0 | D:1      | Reached XP level 1. HP: 13/13 MP: 3/3
   224 | D:1      | Gained mutation: You have large cloven feet. [demonic
                  | ancestry]
   224 | D:1      | Reached XP level 2. HP: 19/19 MP: 0/5
   324 | D:1      | Quit the game

Illustrated notes

Levels and vault maps discovered:
D:1:      denvon_arrival_hothouse, layout_basic, serial_bayou,
          serial_bayou_lagoon_b, serial_bayou_crossing, serial_bayou_pond_b,
          serial_bayou_lagoon_a

Action                     || total
---------------------------++-------
  Melee: Dagger            ||     3
   Cast: Magic Dart        ||    11
 Armour: Robe              ||     2
  Dodge: Dodged            ||     1

Table legend: (Time is in decaauts)
 A = Elapsed time spent in this place.
 B = Non-inter-level travel time spent in this place.
 C = Inter-level travel time spent in this place.
 D = Time resting spent in this place.
 E = Time spent auto-exploring this place.
 F = Levels seen in this place.
 G = Mean time per level.
                   A        B        C        D        E       F      G
               +--------+--------+--------+--------+--------+-----+--------+
         Total |    325 |    325 |      0 |      0 |    275 |   1 |  325.0 |
       Dungeon |    325 |    325 |      0 |      0 |    275 |   1 |  325.0 |
               +--------+--------+--------+--------+--------+-----+--------+

Top non-repeatable levels by time:
     D:1: 325 daAuts

Levels and vault maps discovered:
D:1:      denvon_arrival_hothouse, layout_basic, serial_bayou,
          serial_bayou_lagoon_b, serial_bayou_crossing, serial_bayou_pond_b,
          serial_bayou_lagoon_a

Table legend: (Time is in decaauts)
 A = Elapsed time spent in this place.
 B = Non-inter-level travel time spent in this place.
 C = Inter-level travel time spent in this place.
 D = Time resting spent in this place.
 E = Time spent auto-exploring this place.
 F = Levels seen in this place.
 G = Mean time per level.
                   A        B        C        D        E       F      G
               +--------+--------+--------+--------+--------+-----+--------+
         Total |    325 |    325 |      0 |      0 |    275 |   1 |  325.0 |
       Dungeon |    325 |    325 |      0 |      0 |    275 |   1 |  325.0 |
               +--------+--------+--------+--------+--------+-----+--------+

Top non-repeatable levels by time:
     D:1: 325 daAuts

Table legend:
 A = Kills in this place as a percentage of kills in the entire game.
 B = Kills by you in this place as a percentage of kills by you in the entire game.
 C = Kills by friends in this place as a percentage of kills by friends in the entire game.
 D = Other kills in this place as a percentage of other kills in the entire game.
 E = Experience gained in this place as a percentage of experience gained in the entire game.
 F = Experience gained in this place divided by the number of levels of this place that you have seen.
                   A       B       C       D       E      F
               +-------+-------+-------+-------+-------+----------------------
         Total | 100.0 | 100.0 |   N/A |   N/A | 100.0 |  12.0
       Dungeon | 100.0 | 100.0 |   N/A |   N/A | 100.0 |  12.0
               +-------+-------+-------+-------+-------+----------------------
